 Dungeon Crawl Stone Soup version 0.22.0-38-g04b72b8 (console) character file.

3224 nht the Martial Artist (level 9, -2/59 HPs)
             Began as a Merfolk Transmuter on Aug 30, 2018.
             Was a Follower of Makhleb.
             Slain by a gnoll
             ... wielding a +0 spear
              (6 damage)
             ... on level 7 of the Dungeon.
             The game lasted 00:15:21 (5971 turns).

nht the Martial Artist (Merfolk Transmuter)         Turns: 5971, Time: 00:15:21

Health: -2/59      AC:  2    Str: 11    XL:     9   Next: 98%
Magic:  14/21      EV: 13    Int: 11    God:    Makhleb [*.....]
Gold:   236        SH:  0    Dex: 14    Spells: 4/12 levels left

rFire    . . .     SeeInvis .     - Unarmed
rCold    + . .     Gourm    .   (shield currently unavailable)
rNeg     . . .     Faith    .   b - +0 robe "Vutenow" {rC+ MR+ MP+9 Int-4}
rPois    .         Spirit   .   (no helmet)
rElec    .         Reflect  .   (no cloak)
rCorr    .         Harm     .   (gloves currently unavailable)
MR       ++...                  (no boots)
Stlth    +.........             (no amulet)
HPRegen  0.19/turn              o - ring of protection from magic
MPRegen  0.17/turn              g - +4 ring of slaying

@: lethally poisoned (-2 -> -22), blade hands
A: change form in water, swift swim, stealthy swim
a: End Transformation, Renounce Religion


You were on level 7 of the Dungeon.
You worshipped Makhleb.
Makhleb was aware of your devotion.
You were hungry.
You had blades for hands.
You visited 1 branch of the dungeon, and saw 7 of its levels.
You also visited: Sewer.

You collected 378 gold pieces.
You spent 142 gold pieces at shops.

Inventory:

Missiles
 a - 162 arrows
Armour
 b - the +0 robe "Vutenow" (worn) {rC+ MR+ MP+9 Int-4}
   (You bought it in a shop on level 6 of the Dungeon)

   It affects your intelligence (-4).
   It protects you from cold.
   It affects your resistance to hostile enchantments.
   It affects your magic capacity (+9).
 h - a +0 pair of gloves (melded)
 t - the +0 robe "Ubamp" {rN++ rCorr Str+3 Dex-3}
   (You found it on level 6 of the Dungeon)

   It affects your strength (+3).
   It affects your dexterity (-3).
   It greatly protects you from negative energy.
   It provides partial protection from all sources of acid and corrosion.
Jewellery
 g - a +4 ring of slaying (right scythe-like blade)
 o - a ring of protection from magic (left scythe-like blade)
 z - a +4 ring of intelligence
 A - an uncursed ring of poison resistance
Wands
 c - a wand of digging (9)
Scrolls
 f - 2 scrolls of remove curse
 j - 5 scrolls of teleportation
 n - 2 scrolls of immolation
 q - a scroll of fear
 r - 2 scrolls of enchant armour
 v - a scroll of blinking
 y - 2 scrolls of amnesia
Potions
 e - 3 potions of curing
 i - a potion of cancellation
 k - a potion of haste
 l - a potion of magic {unknown}
 m - 4 potions of heal wounds {unknown}
 p - 3 potions of agility {unknown}
 s - a potion of mutation {unknown}
 u - 2 potions of might {unknown}
 w - a potion of flight {unknown}
 x - a potion of brilliance {unknown}
Comestibles
 d - 18 rations
 B - a chunk of flesh


   Skills:
 - Level 1.1 Fighting
 - Level 2.6 Dodging
 * Level 12.3 Unarmed Combat
 - Level 2.0 Spellcasting
 + Level 10.5 Transmutations


You had 4 spell levels left.
You knew the following spells:

 Your Spells              Type           Power        Failure   Level  Hunger
a - Blade Hands           Tmut           ###.......   47%         5    ######.
b - Spider Form           Tmut/Pois      ##........   45%         3    ####...

Your spell library contained the following spells:

 Spells                   Type           Power        Failure   Level  Hunger
 Beastly Appendage        Tmut           ###...       11%         1    ##.....
 Sticks to Snakes         Tmut           ###.....     12%         2    ###....
 Ice Form                 Ice/Tmut       ##......     75%         4    #####..


Dungeon Overview and Level Annotations

Branches:
Dungeon (7/15)             Temple (0/1) D:7

Altars:
Dithmenos
Makhleb
Ru
Trog
Wu Jian
Zin
The Shining One

Shops:
D:6 [


Message History

The gnoll hits you from afar with a spear.
You slash the orc!
The orc is almost dead.
You feel sick.
The gnoll sergeant hits you from afar with a spear of venom!
The orc hits you with a dagger. The gnoll misses you.
Unknown command.
You slice the orc!!
You kill the orc!
Makhleb accepts your kill.
You feel sick.
The gnoll sergeant hits you from afar with a spear of venom!
* * * LOW HITPOINT WARNING * * *
You are more poisoned.
* * * LOW HITPOINT WARNING * * *
You feel sick.
* * * LOW HITPOINT WARNING * * *
You feel sick.
The gnoll sergeant throws a stone.
The stone barely misses you.
The gnoll hits you from afar with a spear.
You die... █........g ██...██.. ██.......gg ██'██... ........g. █)██... █........ █...... █....... ████... .....gg██ █... █...g█ ████.. ██.(.█ █...). █((@██

█..... ██...█
█..... █...██
██....) ██...█
█...... █..(██ ..
█...... ██....██..
█...... █.........
█......
█..........██......
█..........██......


You could see a gnoll sergeant and 2 gnolls.

Vanquished Creatures
  A hungry ghost (D:7)
  Duvessa (D:5)
  2 ice beasts
  2 orc warriors (D:7)
  5 ogres
  A crocodile (Sewer)
  5 centaurs
  6 bullfrogs
  Blork the orc (D:6)
  Dowan (D:5)
  2 scorpions
  5 wights (D:6)
  A howler monkey (D:5)
  2 crimson imps
  A centaur zombie (D:6)
  2 bullfrog zombies (D:7)
  A quasit (D:7)
  3 hounds
  2 jellies
  4 orc priests
  An orc wizard (D:4)
  A centaur skeleton (D:4)
  An iguana (D:7)
  2 worker ants
  A hound skeleton (D:4)
  A worker ant zombie (D:5)
  7 adders
  2 gnolls
  3 shadow imps
  An ooze (D:4)
  An adder skeleton (D:7)
  7 worms
  A dart slug (D:2)
  5 leopard geckos
  24 orcs
  8 giant cockroaches
  4 goblins
  8 hobgoblins
  13 jackals
  9 kobolds
  3 quokkas
  4 ball pythons
  15 bats
  6 frilled lizards
  A goblin zombie (D:4)
  3 hobgoblin zombies (D:4)
  A jackal zombie (D:5)
  6 kobold skeletons (D:4)
  A kobold zombie (D:4)
  2 leopard gecko skeletons
  A quokka zombie (D:7)
  7 rats
198 creatures vanquished.

Notes
Turn   | Place    | Note
-------+----------+-------------------------------------------
     0 | D:1      | nht the Merfolk Transmuter began the quest for the Orb.
     0 | D:1      | Reached XP level 1. HP: 15/15 MP: 3/3
    94 | D:1      | Reached XP level 2. HP: 19/21 MP: 5/5
   200 | D:1      | Reached skill level 4 in Unarmed Combat
   217 | D:1      | Reached XP level 3. HP: 19/26 MP: 4/6
   238 | D:1      | Learned a level 3 spell: Spider Form
   773 | D:2      | Found a bloodstained altar of Trog.
   905 | D:2      | Found a faded altar of an unknown god.
  1001 | D:2      | Reached XP level 4. HP: 32/32 MP: 1/7
  1284 | D:3      | Reached skill level 5 in Unarmed Combat
  1396 | D:3      | Reached XP level 5. HP: 25/37 MP: 3/8
  1983 | D:3      | Learned a level 5 spell: Blade Hands
  2020 | D:4      | Found a glowing golden altar of the Shining One.
  2027 | D:4      | Reached skill level 6 in Unarmed Combat
  2156 | D:4      | Reached skill level 5 in Transmutations
  2156 | D:4      | Reached XP level 6. HP: 31/43 MP: 6/9
  2578 | D:4      | Reached skill level 7 in Unarmed Combat
  2679 | D:4      | Found a shadowy altar of Dithmenos.
  2722 | D:5      | Entered Level 5 of the Dungeon
  2762 | D:5      | Found a glowing drain.
  2786 | Sewer    | Entered a sewer
  2845 | Sewer    | Reached XP level 7. HP: 40/48 MP: 10/10
  3250 | D:5      | Reached skill level 8 in Unarmed Combat
  3366 | D:5      | Found an ornate altar of the Wu Jian Council.
  3366 | D:5      | Noticed Dowan
  3415 | D:5      | Noticed Duvessa
  3423 | D:5      | Killed Duvessa
  3423 | D:5      | Reached XP level 8. HP: 41/54 MP: 11/11
  3427 | D:5      | Reached skill level 9 in Unarmed Combat
  3441 | D:5      | Killed Dowan
  3824 | D:6      | Noticed Blork the orc
  3837 | D:6      | Killed Blork the orc
  3900 | D:6      | Reached skill level 10 in Unarmed Combat
  4039 | D:5      | HP: 1/54 [ice beast (10)]
  4444 | D:5      | Reached XP level 9. HP: 30/59 MP: 6/12
  4718 | D:6      | Found Orchout's Antique Armour Shoppe.
  4762 | D:6      | Reached skill level 11 in Unarmed Combat
  4768 | D:6      | Found a glowing silver altar of Zin.
  5018 | D:6      | Found a burning altar of Makhleb.
  5037 | D:6      | Got a slimy robe
  5042 | D:6      | Became a worshipper of Makhleb the Destroyer
  5053 | D:6      | Identified the cursed +0 robe "Ubamp" {rN++ rCorr Str+3 Dex-3} (You found it on level 6 of the Dungeon)
  5145 | D:6      | Bought a shadowed robe for 142 gold pieces
  5156 | D:6      | Identified the +0 robe "Vutenow" {rC+ MR+ MP+9 Int-4} (You bought it in a shop on level 6 of the Dungeon)
  5282 | D:7      | Found a sacrificial altar of Ru.
  5287 | D:7      | Reached skill level 10 in Transmutations
  5350 | D:7      | Found a staircase to the Ecumenical Temple.
  5401 | D:7      | Reached skill level 12 in Unarmed Combat
  5797 | D:7      | Reached * piety under Makhleb
  5971 | D:7      | Slain by a gnoll

Skill      XL: |  1  2  3  4  5  6  7  8  9 |
---------------+----------------------------+-----
Transmutations | 3 4 5 6 7 8 10 | 10.5
Unarmed Combat | 4 5 6 7 8 10 12 | 12.3
Fighting       | |  1.1
Dodging        | |  2.6
Spellcasting   | |  2.0

Action                   |  1- 3 |  4- 6 |  7- 9 || total
-------------------------+-------+-------+-------++-------
Melee: Unarmed           |   100 |   216 |   203 ||   519
       Headbutt          |     6 |       |       ||     6
       Punch             |       |     2 |       ||     2
 Cast: Beastly Appendage |    11 |       |       ||    11
       Spider Form       |     9 |    26 |     5 ||    40
       Blade Hands       |       |       |    25 ||    25
Evoke: Wand              |       |     1 |     5 ||     6
  Use: Scroll            |       |     9 |     8 ||    17
       Potion            |       |       |     2 ||     2
 Stab: Sleeping          |     3 |     1 |       ||     4
       Distracted        |       |       |     1 ||     1
  Eat: Chunk             |     2 |    11 |    20 ||    33
Armor: Robe              |    17 |    13 |    15 ||    45
       Skin              |     3 |     8 |     9 ||    20
Dodge: Dodged            |    73 |   159 |   108 ||   340
